 Dungeon Sprint DCSS version 0.30-a0-748-ge6a52f7cba (webtiles) character file.

Game seed: 16807296169079685861

12105 BigDaddyOpFi the Severer (level 11, -8/117 HPs)
             Began as a Hill Orc Fighter on Feb 8, 2023.
             Was the Champion of Qazlal.
             Mangled by an orc knight
             ... wielding a +3 battleaxe
              (31 damage)
             ... in the Dungeon (Sprint IX: "|||||||||||||||||||||||||||||").
             The game lasted 00:03:36 (3022 turns).

BigDaddyOpFi the Severer (Hill Orc Fighter)         Turns: 3022, Time: 00:03:36

Health: -8/117     AC: 27    Str: 24    XL:     11   Next: 88%
Magic:  7/19       EV:  7    Int:  8    God:    Qazlal [******]
Gold:   691        SH: 16    Dex: 16    Spells: 10/10 levels left

rFire   . . .      SeeInvis .    m - +5 war axe (freeze)
rCold   . . .      Faith    .    c - +0 buckler
rNeg    . . .      Spirit   .    u - +0 plate armour
rPois   .          Reflect  .    f - +0 helmet
rElec   .          Harm     .    t - +0 cloak
rCorr   .          Rampage  .    n - +0 pair of gloves
Will    .....      NoTele   +    r - +0 pair of boots Stlth
                                 (no amulet)
HPRegen 0.39/turn                p - +3 ring of dexterity
MPRegen 0.16/turn                q - +3 ring of dexterity

@: protected from physical damage, repel missiles
A: no striking features
a: Renounce Religion, Upheaval, Elemental Force, Disaster Area


You were in the Dungeon.
You worshipped Qazlal.
Qazlal was exalted by your worship.
You visited 1 branch You collected 691 gold pieces.

Inventory:

Hand Weapons
 m - a +5 war axe of freezing (weapon)
Armour
 c - a +0 buckler (worn)
 f - a +0 helmet (worn)
 n - a +0 pair of gloves (worn)
 o - a +1 chain mail
 r - a +0 pair of boots (worn)
 t - a +0 cloak (worn)
 u - a +0 plate armour (worn)
Jewellery
 p - a +3 ring of dexterity (left hand)
 q - a +3 ring of dexterity (right hand)
Wands
 l - a wand of roots (6) (quivered)
Scrolls
 b - a scroll of fog
 j - 4 scrolls of blinking
 k - 2 scrolls of amnesia
 s - 2 scrolls of identify
Potions
 a - a potion of resistance
 d - a potion of might
 e - 2 potions of curing
 g - a potion of invisibility
 h - 4 potions of magic
 i - 2 potions of berserk rage


   Skills:
 + Level 17.1 Fighting
 + Level 18.3 Axes
 + Level 15.8 Armour
 + Level 15.8 Shields
 * Level 10.6 Invocations


You had 10 spell levels left.
You didn't know any spells.
Your spell library was empty.

Dungeon Overview and Level Annotations

Branches:
Dungeon (1/1)

Altars:
Cheibriados
Dithmenos
Elyvilon
Fedhas
Gozag
Hepliaklqana
Kikubaaqudgha
Makhleb
Nemelex Xobeh
Okawaru
Qazlal
Ru
Sif Muna
Trog
Uskayaw
Vehumet
Wu Jian
Xom
Yredelemnul
Zin
The Shining One
Beogh
Jiyva
Lugonu

Shops:
D *(


Message History

An orc warrior comes into view. It is wielding a +0 morningstar.
You barely miss the orc warrior.
The orc warrior is almost dead.
The orc warrior hits you but does no damage.
You hit the orc warrior. You freeze the orc warrior.
You kill the orc warrior!
Qazlal accepts your kill.
Your Fighting skill increases to level 17!
Found Qolanny's Weapon Shoppe.
The orc knight hits you with a +0 battleaxe!!
* * * LOW HITPOINT WARNING * * *
You feel more protected from physical attacks.
Items here: )) [[ ††.
You slash the orc knight! You freeze the orc knight.
You kill the orc knight!
Qazlal accepts your kill.
You feel better. You block the orc knight's attack.
You slash the orc knight! You freeze the orc knight.
The orc knight is severely wounded.
You closely miss the orc knight.
The orc knight is severely wounded.
You block the orc knight's attack.
You hit the orc knight. You freeze the orc knight.
The orc knight is severely wounded.
The orc knight hits you but does no damage.
You slash the orc knight! You freeze the orc knight.
The orc knight is almost dead.
You closely miss the orc knight.
The orc knight is almost dead.
The orc warrior no longer looks unusually strong.
The orc knight hits you with a +3 battleaxe.
* * * LOW HITPOINT WARNING * * *
You hit the orc knight. You freeze the orc knight.
The orc knight is almost dead.
The orc knight roars a battlecry!
The orc warrior goes into a battle-frenzy!
You hit the orc knight but do no damage.
The orc knight is almost dead.
The orc knight hits you with a +3 battleaxe!!
You die...

________________'..)..[..[)......
▓▓▓▓▓▓▓▓▓▓▓▓▓▓▓▓▓▓▓▓▓▓▓▓▓▓▓▓▓▓▓▓▓
.................................
▓▓▓▓▓▓▓▓▓▓▓▓▓▓▓▓▓▓▓▓▓▓▓▓▓▓▓▓▓▓▓▓▓
......÷.........÷........)..)'...
▓▓▓▓▓▓▓▓▓▓▓▓▓▓▓▓▓▓▓▓▓▓▓▓▓▓▓▓▓▓▓▓▓
.................................
▓▓▓▓▓▓▓▓▓▓▓▓▓▓▓▓▓▓▓▓▓▓▓▓▓▓▓▓▓▓▓▓▓
..)))))))......)@oo)$∩.∩
▓▓▓▓▓▓▓▓▓▓▓▓▓▓▓▓▓▓▓▓▓▓▓▓


You could see an orc knight (strong) and an orc warrior (strong).

Vanquished Creatures
  2 centaur warriors (D)
  6 orc knights (D)
  An ugly thing (D)
  A manticore (D)
  An elephant (D)
  2 black mambas (D)
  7 cane toads (D)
  An unseen horror (D)
  A tyrant leech (D)
  2 blink frogs (D)
  A dream sheep (D)
  A wraith (D)
  3 yaks (D)
  3 vampire mosquitoes (D)
  An acid dragon (D)
  2 water moccasins (D)
  2 black bears (D)
  16 orc warriors (D)
  A centaur (D)
  A kobold brigand (D)
  5 bullfrogs (D)
  A killer bee (D)
  2 orc priests (D)
  4 orc wizards (D)
  An adder (D)
  A shadow imp (D)
  6 orcs (D)
  A bat (D)
  A hobgoblin (D)
  A quokka (D)
  A frilled lizard (D)
  A goblin (D)
  A rat (D)
81 creatures vanquished.

Notes
Turn   | Place    | Note
-------+----------+-------------------------------------------
     0 | D        | BigDaddyOpFi the Hill Orc Fighter began the quest for the
                  | Orb.
     0 | D        | Reached XP level 1. HP: 19/19 MP: 1/1
    12 | D        | Reached skill level 3 in Axes
    39 | D        | Noticed a centaur
    39 | D        | Noticed a black bear
    47 | D        | Reached skill level 4 in Axes
    47 | D        | Reached XP level 2. HP: 28/28 MP: 2/2
    52 | D        | Killed a centaur
    53 | D        | Reached skill level 6 in Axes
    53 | D        | Reached skill level 5 in Armour
    53 | D        | Reached skill level 5 in Shields
    53 | D        | Reached XP level 3. HP: 38/38 MP: 3/3
    53 | D        | Reached XP level 4. HP: 45/45 MP: 4/4
    60 | D        | Killed a black bear
    61 | D        | Reached skill level 7 in Axes
    61 | D        | Reached XP level 5. HP: 45/53 MP: 5/5
    70 | D        | Found a roughly hewn altar of Beogh.
    70 | D        | Found a snail-covered altar of Cheibriados.
    70 | D        | Found a shadowy altar of Dithmenos.
    70 | D        | Found a white marble altar of Elyvilon.
    70 | D        | Found a blossoming altar of Fedhas.
    70 | D        | Found an opulent altar of Gozag.
    71 | D        | Found a hazy altar of Hepliaklqana.
    72 | D        | Found a viscous altar of Jiyva.
    73 | D        | Found an ancient bone altar of Kikubaaqudgha.
    74 | D        | Found a corrupted altar of Lugonu.
    75 | D        | Found a burning altar of Makhleb.
    76 | D        | Found a sparkling altar of Nemelex Xobeh.
    77 | D        | Found an iron altar of Okawaru.
    78 | D        | Found a stormy altar of Qazlal.
    79 | D        | Found a sacrificial altar of Ru.
    80 | D        | Found a shimmering blue altar of Sif Muna.
    81 | D        | Found a bloodstained altar of Trog.
    82 | D        | Found a hide-covered altar of Uskayaw.
    83 | D        | Found a radiant altar of Vehumet.
    84 | D        | Found an ornate altar of the Wu Jian Council.
    85 | D        | Found a shimmering altar of Xom.
    86 | D        | Became a worshipper of Qazlal Stormbringer
    87 | D        | Found a basalt altar of Yredelemnul.
    88 | D        | Found a glowing silver altar of Zin.
    89 | D        | Found a glowing golden altar of the Shining One.
   136 | D        | Noticed an orc warrior
   136 | D        | Noticed a yak
   136 | D        | Noticed a wraith
   136 | D        | Noticed an acid dragon
   136 | D        | Noticed a kobold brigand
   140 | D        | Killed an orc warrior
   141 | D        | Reached skill level 8 in Axes
   141 | D        | Reached XP level 6. HP: 56/62 MP: 6/6
   148 | D        | Killed a yak
   149 | D        | Reached skill level 9 in Axes
   163 | D        | Reached * piety under Qazlal
   164 | D        | Reached skill level 10 in Axes
   164 | D        | Reached XP level 7. HP: 55/70 MP: 7/7
   166 | D        | Killed a wraith
   167 | D        | Reached skill level 10 in Fighting
   170 | D        | Reached skill level 11 in Axes
   172 | D        | Reached ** piety under Qazlal
   464 | D        | Noticed a vampire mosquito
   464 | D        | Noticed a manticore
   464 | D        | Noticed a brown ugly thing
   464 | D        | Noticed a centaur warrior
   464 | D        | Noticed a centaur warrior
   465 | D        | Killed a vampire mosquito
   466 | D        | Reached skill level 10 in Armour
   466 | D        | Reached skill level 10 in Shields
   466 | D        | Reached XP level 8. HP: 81/81 MP: 8/8
   470 | D        | Killed a manticore
   471 | D        | Reached skill level 12 in Axes
   474 | D        | Killed an unseen horror
   479 | D        | Killed a brown ugly thing
   479 | D        | Reached *** piety under Qazlal
   480 | D        | Reached skill level 13 in Axes
   480 | D        | Reached XP level 9. HP: 68/92 MP: 9/9
   484 | D        | Killed a centaur warrior
   485 | D        | Reached skill level 14 in Axes
   497 | D        | Killed a centaur warrior
   974 | D        | Noticed a cane toad
   974 | D        | Noticed a black mamba
   974 | D        | Noticed a cane toad
   977 | D        | Noticed an elephant
   983 | D        | Killed a cane toad
   984 | D        | Reached skill level 15 in Axes
   984 | D        | Reached XP level 10. HP: 101/103 MP: 10/10
   984 | D        | Reached **** piety under Qazlal
   987 | D        | Noticed a cane toad
   989 | D        | Killed a black mamba
   997 | D        | Killed a cane toad
  1013 | D        | Killed an elephant
  1013 | D        | Reached ***** piety under Qazlal
  1021 | D        | Killed a cane toad
  1022 | D        | Reached skill level 15 in Fighting
  1022 | D        | Reached skill level 16 in Axes
  1347 | D        | Noticed a cane toad
  1347 | D        | Noticed a cane toad
  1349 | D        | Killed a cane toad
  1350 | D        | Noticed a cane toad
  1353 | D        | Noticed a black mamba
  1362 | D        | Killed a cane toad
  1371 | D        | Killed a cane toad
  1374 | D        | Killed a black mamba
  1374 | D        | Reached ****** piety under Qazlal
  1375 | D        | Reached XP level 11. HP: 52/114 MP: 11/11
  1393 | D        | Reached skill level 17 in Axes
  1393 | D        | Reached skill level 1 in Invocations
  1736 | D        | Reached skill level 5 in Invocations
  2244 | D        | Reached skill level 15 in Armour
  2251 | D        | Reached skill level 15 in Shields
  2451 | D        | Noticed an orc knight
  2452 | D        | Noticed an orc knight
  2461 | D        | Killed an orc knight
  2467 | D        | Killed an orc knight
  2969 | D        | Found Letias's General Store.
  2969 | D        | Noticed an orc knight
  2969 | D        | Noticed an orc knight
  2969 | D        | Noticed an orc knight
  2985 | D        | Killed an orc knight
  2990 | D        | Killed an orc knight
  2991 | D        | Reached skill level 18 in Axes
  2996 | D        | Noticed an orc knight
  2999 | D        | Noticed an orc knight
  3002 | D        | Killed an orc knight
  3003 | D        | Reached skill level 10 in Invocations
  3013 | D        | Found Qolanny's Weapon Shoppe.
  3014 | D        | Killed an orc knight
  3022 | D        | Mangled by an orc knight

Illustrated notes

Levels and vault maps discovered:
D:        linesprint [early_d, line_temple, items_1, d_10, items_2, lair_1,
          lair_end, items_3, orc_1, orc_end, items_4, d_15, swamp_1, shoals_1,
          snake_1, spider_1, d_20, vaults_1, items_5, swamp_end, shoals_end,
          snake_end, spider_end, vaults_end, d_27, items_6, zot_1, zot_end,
          crypt_end, forest_end, elf_end, slime_end, tomb_end, abyss_end,
          pan_hell_end]

Skill      XL: |  1  2  3  4  5  6  7  8  9 10 11 |
---------------+----------------------------------+-----
Axes           | 4 6 7 8 10 11 13 15 16 18 | 18.3
Fighting       | 4 6 7 8 9 10 12 14 15 17 | 17.1
Armour         | 4 5 7 8 10 11 13 14 15 | 15.8
Shields        | 4 5 7 8 10 11 12 14 15 | 15.8
Invocations    | 10 | 10.6

Action                     |  1- 3 |  4- 6 |  7- 9 | 10-12 || total
---------------------------+-------+-------+-------+-------++-------
  Melee: War axe           |    35 |    37 |    41 |   219 ||   332
 Invoke: Disaster Area     |       |       |       |     4 ||     4
  Evoke: Wand              |       |     1 |     3 |       ||     4
    Use: Potion            |     1 |       |     3 |     6 ||    10
         Scroll            |       |       |     2 |       ||     2
 Armour: Scale mail        |    25 |     8 |       |       ||    33
         Chain mail        |       |     7 |    23 |    33 ||    63
         Plate armour      |       |       |       |     5 ||     5
  Dodge: Dodged            |    13 |    12 |     7 |    19 ||    51
  Block: Buckler           |     7 |    10 |    24 |    78 ||   119

Table legend: (Time is in decaauts)
 A = Elapsed time spent in this place.
 B = Non-inter-level travel time spent in this place.
 C = Inter-level travel time spent in this place.
 D = Time resting spent in this place.
 E = Time spent auto-exploring this place.
 F = Levels seen in this place.
 G = Mean time per level.
                   A        B        C        D        E       F      G
               +--------+--------+--------+--------+--------+-----+--------+
         Total |   2961 |   2961 |      0 |   2240 |      0 |   1 | 2961.0 |
       Dungeon |   2961 |   2961 |      0 |   2240 |      0 |   1 | 2961.0 |
               +--------+--------+--------+--------+--------+-----+--------+

Top non-repeatable levels by time:
       D: 2961 daAuts
